Map: Ascensão para Aiur LE

Players

IagoAbreu - Winner!

  • Race: Terran Terran
  • Spawn Location: 11:00

I.A. 1 (Mais difícil)

  • Race: Zerg Zerg
  • Spawn Location: 5:00

VOD

Have the link to the VOD?

Description

Time

  • Played on: Jan. 11, 2018, 9:07 a.m.
  • Length: 29:37
Show
View Real Time Build Order
Export as new Build Order

IagoAbreu Terran - Winner!

Build Orders: Command Center First (CC) 

Get SALT Encoding   

  12  0:01  SCV  
  13  0:13  SCV  
  14  0:22  Supply Depot  
  14  0:25  SCV  
  15  0:34  Supply Depot  
  15  1:06  Command Center  
  15  1:24  Barracks  
  15  1:28  SCV  
  16  1:37  Barracks  
  16  1:45  SCV  
  17  1:54  Refinery  
  17  1:56  Refinery  
  17  1:57  SCV  
  18  2:09  SCV  
  18  2:12  Engineering Bay  
  19  2:21  SCV  
  20  2:31  Marine x2  
  20  2:36  Orbital Command  
  22  2:43  Orbital Command  
  22  2:51  Marine x2  
  24  3:04  SCV  
  25  3:16  SCV  
  25  3:19  SCV  
  27  3:25  Marine x2  
  29  3:29  SCV  
  29  3:31  SCV  
  31  3:41  SCV  
  32  3:43  Marine x2, SCV  
  35  3:53  Terran Infantry Weapons Level 1  
  35  3:55  SCV, Engineering Bay  
  36  4:00  Marine  
  36  4:01  Marine  
  38  4:05  Factory  
  38  4:06  Factory  
  38  4:11  SCV  
  39  4:23  SCV  
  39  4:24  Supply Depot  
  40  4:32  Terran Infantry Armor Level 1  
  40  4:35  SCV  
  40  4:38  Barracks Reactor x2  
  41  4:46  Supply Depot  
  41  4:51  Supply Depot  
  41  4:54  Supply Depot  
  41  4:58  Factory Tech Lab x2  
  35  5:10  Supply Depot  
  35  5:14  Supply Depot  
  35  5:17  Marine x3  
  35  5:18  Marine  
  39  5:26  Siege Tank x2  
  45  5:58  Widow Mine x2  
  49  6:10  Armory  
  49  6:12  SCV  
  50  6:24  SCV  
  51  6:36  SCV  
  52  6:42  Widow Mine x2  
  52  6:45  Marine x4  
  60  6:48  SCV  
  61  7:00  SCV  
  62  7:02  Marine  
  62  7:03  Marine x3, Widow Mine x2  
  62  7:04  Starport  
  70  7:10  Refinery  
  70  7:16  Refinery  
  70  7:20  Marine  
  70  7:21  Marine x3  
  74  7:38  Marine  
  74  7:39  Marine x3  
  74  7:41  Starport  
  78  7:46  Starport Reactor  
  78  8:00  Terran Infantry Weapons Level 2  
  78  8:05  Terran Vehicle Weapons Level 1  
  78  8:09  Hellion  
  78  8:10  Hellion  
  78  8:12  Marine x2  
  82  8:13  Marine x2  
  86  8:20  Terran Infantry Armor Level 2  
  85  8:30  Marine x4  
  85  8:31  Hellion x2  
  93  8:41  Starport Tech Lab  
  93  8:48  Marine x4  
  93  8:50  Liberator x2  
  93  8:52  Hellion x2  
  101  9:06  Marine x4  
  101  9:07  Command Center  
  111  9:14  Hellion x2  
  101  9:35  Hellion x2  
  93  10:12  Liberator x2  
  93  10:17  Raven  
  101  10:36  Marine x4  
  105  10:44  Hellion x2  
  109  10:53  Marine  
  109  10:54  Marine x3  
  113  11:00  Banshee  
  116  11:05  Hellion  
  116  11:06  Hellion  
  116  11:10  Terran Infantry Weapons Level 3  
  120  11:15  Terran Infantry Armor Level 3  
  77  12:19  Liberator x2  
  77  12:42  Marine x4  
  78  12:48  Hellion x2  
  79  12:59  Marine  
  79  13:00  Marine x3  
  79  13:02  Liberator x2  
  82  13:09  Hellion x2  
  84  13:17  Marine x2  
  84  13:18  Marine x2  
  94  13:30  Hellion  
  94  13:31  Hellion  
  94  13:35  Marine x3  
  94  13:36  Marine  
  93  13:52  Hellion x2  
  65  14:43  Liberator x2  
  65  15:05  Raven  
  66  15:14  Hellion  
  66  15:15  Hellion  
  66  15:19  Marine x4  
  68  15:26  Liberator x2  
  68  15:32  Barracks  
  68  15:36  Marine, Hellion x2  
  68  15:37  Marine x3  
  73  15:48  Banshee  
  78  15:54  Marine x2  
  78  15:55  Marine  
  77  15:57  Hellion x2  
  77  16:20  Marine x4  
  77  16:23  Barracks Tech Lab  
  81  16:33  Refinery  
  81  16:34  Orbital Command, Refinery  
  81  16:37  Marine  
  81  16:38  Marine x3  
  85  16:40  Liberator  
  85  16:41  Liberator  
  81  16:55  Marine x3  
  93  17:18  Reaper x4  
  97  17:23  Siege Tank  
  97  17:24  Siege Tank, Banshee  
  97  17:28  Marauder  
  105  17:49  Marauder  
  105  17:50  Reaper x4  
  111  18:11  Marauder  
  113  18:27  Liberator x2  
  113  18:32  Marine  
  113  18:33  Marine x3  
  117  18:38  Siege Tank x2  
  117  18:39  Refinery  
  117  18:41  Marauder  
  131  18:49  Raven, Refinery  
  131  18:50  Marine x3  
  131  18:51  Marine  
  137  19:00  Terran Ship Weapons Level 1  
  137  19:01  Orbital Command  
  137  19:02  Marauder  
  139  19:24  Marauder  
  134  19:45  Marauder  
  95  21:36  Liberator  
  95  21:37  Liberator  
  101  21:56  Banshee  
  104  22:03  Hellion  
  104  22:04  Hellion  
  104  22:06  Marauder  
  110  22:10  Marine x4  
  114  22:19  Liberator x2  
  114  22:25  Hellion x2  
  114  22:27  Terran Vehicle Weapons Level 2, Marauder  
  114  22:28  Marine x4  
  130  22:39  Banshee  
  133  22:46  Marine x4  
  133  22:49  Marauder  
  139  23:03  Marine x2  
  139  23:04  Marine x2  
  143  23:10  Marauder  
  145  23:50  Missile Turret  
  145  23:53  Medivac x2  
  149  24:02  Fusion Core  
  149  24:08  Sensor Tower  
  149  25:05  Combat Shields  
  149  25:18  Smart Servos  
  149  25:27  Terran Ship Weapons Level 2  
  149  25:42  Advanced Ballistics  
  149  26:21  Sensor Tower  
  149  26:24  Stimpack  
  149  27:18  Viking x2  
  153  27:48  Viking x2  
  157  28:17  Unknown  
  157  28:20  Unknown  
Show
View Real Time Build Order
Export as new Build Order

I.A. 1 (Mais difícil) Zerg 

Build Orders: Hatch First, Lurkers, Muta Ling Bane 

Get SALT Encoding   

  12  0:01  Drone  
  13  0:12  Overlord  
  13  0:17  Drone  
  14  0:30  Drone x2  
  14  0:34  Drone  
  17  0:53  Hatchery  
  17  0:55  Drone  
  17  1:11  Spawning Pool  
  16  1:12  Drone  
  16  1:16  Drone  
  18  1:18  Extractor  
  18  1:22  Drone  
  18  1:27  Overlord  
  18  1:38  Drone  
  19  1:58  Queen  
  19  1:59  Zergling x2  
  19  2:00  Zergling x2  
  23  2:02  Roach Warren  
  23  2:04  Drone  
  23  2:06  Extractor  
  22  2:10  Drone  
  23  2:23  Lair  
  23  2:28  Drone  
  24  2:51  Extractor  
  24  2:53  Extractor  
  24  2:56  Drone  
  23  2:58  Drone  
  23  3:02  Zergling x2  
  25  3:23  Drone  
  25  3:24  Hydralisk Den  
  25  3:27  Drone  
  25  3:28  Zergling x2  
  26  3:34  Drone, Overlord  
  27  3:46  Drone  
  28  3:49  Baneling Nest  
  28  3:53  Drone  
  28  3:55  Hydralisk  
  28  3:56  Drone  
  28  3:58  Lurker Den  
  28  4:00  Drone  
  31  4:03  Drone  
  31  4:06  Drone  
  33  4:10  Drone  
  33  4:13  Drone  
  35  4:25  Spire  
  35  4:31  Drone  
  35  4:33  Overlord  
  35  4:34  Drone, Baneling  
  36  4:44  Drone  
  37  4:47  Zergling x2  
  38  4:53  Zergling x2  
  37  5:00  Zergling x2  
  37  5:06  Baneling x2  
  38  5:12  Overlord  
  38  5:13  Zergling x2  
  39  5:19  Zergling x2  
  40  5:25  Zergling x2  
  41  5:29  Drone  
  41  5:32  Zergling x2, Baneling  
  41  5:34  Drone  
  44  5:38  Mutalisk, Drone  
  44  5:40  Drone  
  48  5:45  Mutalisk  
  48  5:46  Overlord  
  48  5:49  Drone  
  51  5:51  Mutalisk  
  51  5:52  Drone  
  54  5:57  Drone  
  54  5:58  Drone  
  56  6:04  Metabolic Boost  
  56  6:08  Drone  
  56  6:09  Drone  
  58  6:15  Evolution Chamber  
  58  6:16  Mutalisk  
  58  6:17  Drone  
  60  6:19  Drone  
  60  6:23  Overlord  
  61  6:25  Drone  
  61  6:29  Drone  
  61  6:32  Drone  
  64  6:40  Drone  
  64  6:41  Zerg Ground Armor Level 1  
  64  6:43  Drone  
  66  6:47  Drone  
  66  6:48  Drone  
  66  6:50  Overlord  
  66  6:52  Drone  
  69  6:55  Drone  
  69  6:59  Burrow  
  70  7:01  Drone  
  70  7:05  Drone  
  72  7:12  Drone  
  72  7:16  Zergling x2  
  72  7:19  Overlord  
  74  7:22  Zergling x2  
  74  7:29  Zergling x2  
  75  7:35  Centrifical Hooks, Baneling  
  75  7:36  Zergling x2, Baneling x2  
  76  7:42  Zergling x2  
  77  7:48  Spore Crawler  
  77  7:49  Zergling x2  
  77  7:50  Spore Crawler  
  76  7:53  Overlord  
  76  7:54  Infestation Pit  
  76  7:55  Zergling x2, Drone  
  76  7:57  Spore Crawler, Overseer x2  
  76  8:01  Zergling x2  
  76  8:03  Drone  
  78  8:07  Mutalisk, Spore Crawler, Drone  
  78  8:11  Queen  
  82  8:14  Mutalisk  
  82  8:15  Overlord  
  82  8:18  Spine Crawler  
  82  8:19  Drone  
  84  8:22  Mutalisk  
  84  8:24  Drone, Spine Crawler  
  86  8:28  Mutalisk, Queen  
  86  8:33  Drone, Spine Crawler  
  90  8:35  Zerg Melee Weapons Level 1  
  90  8:37  Spine Crawler  
  90  8:38  Drone  
  90  8:42  Drone, Evolution Chamber  
  90  9:00  Roach, Overlord  
  90  9:01  Pneumatized Carapace  
  92  9:05  Hive, Hydralisk  
  92  9:07  Zerg Missile Weapons Level 1  
  92  9:08  Overseer  
  94  9:10  Hatchery  
  94  9:11  Hydralisk  
  95  9:17  Roach  
  95  9:20  Overlord  
  95  9:23  Hydralisk  
  97  9:28  Hydralisk  
  90  9:34  Hydralisk  
  72  9:40  Infestor  
  72  9:46  Lurker x2, Zergling x2  
  72  9:52  Hydralisk  
  77  9:57  Hydralisk  
  79  10:03  Hydralisk  
  81  10:09  Lurker, Hydralisk  
  81  10:10  Lurker  
  85  10:15  Hydralisk  
  88  10:21  Lurker, Lair, Ravager  
  88  10:23  Drone x2  
  88  10:24  Drone x4  
  88  10:25  Roach, Drone x3  
  88  10:26  Drone  
  101  10:29  Zerg Melee Weapons Level 2  
  101  10:30  Hydralisk  
  103  10:36  Lurker, Hydralisk  
  103  10:38  Drone, Extractor  
  103  10:39  Extractor  
  103  10:40  Drone  
  106  10:58  Spore Crawler, Drone  
  106  10:59  Spore Crawler  
  106  11:01  Zerg Ground Armor Level 2, Drone  
  106  11:04  Queen  
  108  11:17  Pathogen Glands  
  108  11:23  Zerg Flyer Weapons Level 1  
  108  11:24  Spine Crawler  
  108  11:25  Drone  
  108  11:26  Spine Crawler  
  108  11:27  Drone  
  108  11:30  Zergling x2  
  108  11:38  Roach  
  106  11:43  Hydralisk  
  90  11:49  Hydralisk  
  92  11:55  Hydralisk  
  92  12:01  Hydralisk  
  90  12:05  Queen  
  90  12:06  Hydralisk  
  80  12:12  Overseer, Hydralisk  
  80  12:13  Overlord  
  80  12:18  Zergling x2  
  79  12:25  Roach  
  80  12:31  Roach, Drone x2, Overlord  
  80  12:32  Overseer, Drone  
  80  12:34  Spine Crawler  
  80  12:35  Drone x3  
  80  12:36  Drone x2, Hydralisk  
  77  12:37  Drone x3  
  77  12:38  Drone  
  77  12:39  Drone x3  
  77  12:42  Hydralisk  
  77  12:43  Overseer  
  70  12:47  Hydralisk  
  59  12:52  Zergling x2  
  59  12:55  Hydralisk  
  59  12:58  Hydralisk, Overlord  
  61  12:59  Overseer  
  61  13:02  Roach  
  63  13:06  Roach  
  63  13:09  Swarm Host  
  60  13:13  Roach  
  60  13:17  Roach  
  57  13:20  Roach  
  57  13:24  Zergling x2  
  57  13:28  Roach  
  57  13:31  Hydralisk  
  53  13:34  Hydralisk  
  53  13:38  Hydralisk  
  54  13:42  Hydralisk  
  53  13:48  Zergling x2, Overseer  
  53  13:53  Overlord  
  54  13:56  Drone  
  54  13:59  Overseer  
  52  14:03  Hatchery  
  51  14:24  Hydralisk  
  44  14:32  Hydralisk  
  44  14:36  Zergling x2  
  42  14:40  Roach  
  42  14:43  Roach  
  42  14:48  Roach  
  44  14:53  Hydralisk  
  44  14:57  Hydralisk  
  48  15:03  Overlord  
  47  15:21  Zergling x2, Drone, Overlord  
  47  15:22  Drone  
  47  15:23  Drone  
  47  15:25  Lurker, Ravager, Hydralisk  
  47  15:26  Drone  
  54  15:29  Drone  
  54  15:33  Drone  
  56  15:39  Drone  
  56  15:40  Drone  
  56  15:42  Drone  
  53  15:44  Roach  
  53  15:49  Roach  
  53  15:53  Zergling x2  
  49  15:57  Drone x2, Hydralisk  
  49  16:03  Overlord  
  51  16:08  Hydralisk  
  51  16:10  Overseer  
  53  16:14  Roach  
  53  16:17  Ravager  
  56  16:21  Roach, Overlord  
  56  16:24  Roach  
  60  16:27  Ravager  
  60  16:28  Roach  
  63  16:39  Hydralisk  
  65  16:40  Overlord  
  65  16:41  Hydralisk  
  65  16:44  Infestor  
  65  16:46  Zergling x2  
  69  16:53  Roach  
  71  16:58  Roach  
  71  17:00  Overlord  
  71  17:01  Overseer  
  73  17:04  Roach  
  73  17:06  Roach  
  77  17:09  Ravager x2  
  79  17:18  Roach, Overlord  
  79  17:20  Roach  
  79  17:22  Ravager, Hydralisk  
  86  17:25  Roach  
  88  17:35  Hydralisk  
  90  17:37  Hydralisk  
  90  17:38  Overlord  
  90  17:40  Hydralisk  
  90  17:42  Infestor  
  96  17:48  Zerg Missile Weapons Level 2  
  96  17:51  Glial Reconstitution  
  96  17:56  Zerg Flyer Armor Level 1, Drone  
  97  18:00  Overlord  
  97  18:02  Drone  
  97  18:04  Drone  
  100  18:05  Drone  
  100  18:07  Drone  
  100  18:09  Drone  
  100  18:10  Drone  
  100  18:12  Drone  
  104  18:18  Drone, Overlord  
  104  18:19  Drone  
  106  18:21  Drone  
  106  18:23  Drone  
  106  18:24  Drone  
  106  18:26  Drone  
  110  18:28  Drone  
  110  18:30  Drone  
  112  18:36  Overlord  
  112  18:37  Drone x2  
  112  18:38  Drone  
  115  18:44  Zerg Melee Weapons Level 3  
  115  18:55  Overlord  
  115  19:09  Tunneling Claws  
  115  19:19  Extractor  
  115  19:20  Extractor  
  115  19:23  Extractor  
  108  19:32  Zergling x2  
  47  19:48  Drone  
  47  19:49  Roach  
  47  19:50  Zerg Flyer Weapons Level 2  
  37  19:58  Hydralisk  
  39  20:04  Zerg Ground Armor Level 3  
  38  20:08  Drone x3  
  38  20:10  Drone  
  38  20:11  Drone x4  
  33  20:19  Drone  
  25  20:22  Drone  
  25  20:25  Drone x2, Hydralisk  
  24  20:31  Zergling x2  
  24  20:32  Hydralisk  
  27  20:41  Hydralisk  
  25  20:43  Hydralisk  
  27  20:52  Infestor  
  27  20:54  Drone  
  27  20:56  Drone  
  27  20:57  Drone x2  
  31  21:04  Drone  
  30  21:13  Drone  
  24  21:23  Drone  
  24  21:24  Drone  
  19  21:26  Roach  
  19  21:29  Drone x2  
  19  21:45  Drone  
  16  22:12  Drone  
  8  23:04  Drone  
  8  24:38  Roach, Drone  
  8  24:41  Hydralisk  
  7  25:02  Drone  
Tags
 
Add a new tag
Caveats
  • Supply blocks, unpowered buildings, or Contaminate may cause inaccurate times.
  • Supply counts are checked every 10 seconds.